 Dungeon Sprint DCSS version bcrawl-1.24 (webtiles) character file.

Game seed: 12392679425593572779

23115 MordorOrchid the Spry (level 13, -3/95 HPs)
             Began as a Fairy Air Elementalist on June 14, 2020.
             Was an Elder of Uskayaw.
             Killed from afar by Aizul (23 damage)
             ... with a poison arrow
             ... in the Dungeon (Sprint IX: "|||||||||||||||||||||||||||||").
             The game lasted 00:27:33 (2672 turns).

MordorOrchid the Spry (Fairy Air Elementalist)      Turns: 2672, Time: 00:27:33

Health: -3/95      AC: 14    Str:  6    XL:     13   Next: 4%
Magic:  4/37       EV: 32    Int: 25    God:    Uskayaw [****..]
Gold:   16         SH:  7    Dex: 15    Spells: 35/48 levels left

rFire    + . .     SeeInvis .   y - +2 rapier (venom)
rCold    + . .     Gourm    .   (shield restricted)
rNeg     + . .     Faith    .   (armour unavailable)
rPois    +         Spirit   .   F - -2 hat of the Alchemist {rElec rPois rF+ rC+ rN+ MR+ rMut rCorr}
rElec    +         Reflect  .   J - +2 cloak {+Inv}
rCorr    +         Harm     .   K - +2 pair of gloves {archery}
rMut     +         NoTele   +   a - +0 pair of boots
MR       ++...                  (no amulet)
Stlth    +.........             s - +2 ring of protection
HPRegen  0.25/turn              t - +3 ring of dexterity
MPRegen  0.25/turn

@: lethally poisoned (-3 -> -38), flying evasively
A: small, magic attunement, unstealthy, unfitting armour, able to fly, AC/SH +7
a: Stop Flying, Stomp, Line Pass, Renounce Religion, Evoke Invisibility


You were in the Dungeon.
You worshipped Uskayaw.
Uskayaw was pleased with you.
You were not hungry.

You visited 1 branch You collected 1929 gold pieces.
You spent 1913 gold pieces at shops.

Inventory:

Hand Weapons
 f - the cursed +2 dagger of Xoadanula {flame, +Blink rElec Int+2 Dex-2}
   (You bought it in a shop in the Dungeon)

   It has been specially enchanted to burn those struck by it, causing extra
   injury to most foes and up to half again as much damage against particularly
   susceptible opponents.
   It affects your intelligence (+2).
   It affects your dexterity (-2).
   It insulates you from electricity.
   It lets you blink.
   It has a curse placed upon it.
 j - a +0 shortbow
 p - the +8 trident of the Dripping Fulmar {venom, +Fly rPois Dex+6 Stlth-}
   (You bought it in a shop in the Dungeon)

   It poisons the flesh of those it strikes.
   It affects your dexterity (+6).
   It protects you from poison.
   It lets you fly.
   It makes you less stealthy.
 q - a +2 scimitar of flaming
 w - a +2 long sword of holy wrath
 y - a +2 rapier of venom (weapon)
 C - a +0 blowgun
 D - a +2 hunting sling of flaming
 E - a +2 scimitar of flaming
 Q - a +3 quick blade
Missiles
 k - 562 arrows
 H - 84 tomahawks (quivered)
 I - 167 bolts
 L - 249 sling bullets
Armour
 a - a +0 pair of boots (worn)
 F - the -2 hat of the Alchemist (worn) {rElec rPois rF+ rC+ rN+ MR+ rMut rCorr}
   (You bought it in a shop in the Dungeon)

   It protects you from fire.
   It protects you from cold.
   It insulates you from electricity.
   It protects you from poison.
   It protects you from negative energy.
   It affects your resistance to hostile enchantments.
   It provides partial protection from all sources of acid and corrosion.
   It protects you from mutation.
 J - a +2 cloak of invisibility (worn)
 K - a +2 pair of gloves of archery (worn)
Jewellery
 s - a +2 ring of protection (left hand)
 t - a +3 ring of dexterity (right hand)
 M - an uncursed ring of resist corrosion
 N - an uncursed ring of fire
 O - an uncursed ring of fire
 P - an uncursed ring of protection from magic
Wands
 o - a wand of acid (9)
 G - a wand of disintegration (11)
Scrolls
 i - 2 scrolls of blinking
 m - 4 scrolls of remove curse
 n - 2 scrolls of amnesia
 z - 2 scrolls of fog
 A - 5 scrolls of enchant armour
 R - a scroll of fear
Potions
 b - a potion of flight
 c - 8 potions of heal wounds
 d - 9 potions of curing
 g - 4 potions of magic
 h - 2 potions of might
 l - 3 potions of agility
 u - a potion of resistance
 v - a potion of haste
 x - 2 potions of invisibility
Comestibles
 e - 22 rations {!d}
 r - 2 chunks of flesh


   Skills:
 * Level 11.4 Fighting
 * Level 8.4 Short Blades
 - Level 4.0 Throwing
 * Level 18.5 Dodging
 - Level 1.5 Stealth
 * Level 18.2 Spellcasting
 - Level 12.0 Conjurations
 - Level 12.0 Air Magic
 - Level 13.0 Invocations
 - Level 8.1 Evocations


You had 35 spell levels left.
You knew the following spells:

 Your Spells              Type           Power        Failure   Level  Hunger
a - Shock                 Conj/Air       #####        0%          1    None
b - Airstrike             Air            ######....   1%          4    None
f - Lightning Bolt        Conj/Air       ######....   1%          5    None
r - Static Discharge      Air            ######..     1%          3    None

Your spell library contained the following spells:

 Spells                   Type           Power        Failure   Level  Hunger
 Swiftness                Chrm/Air       ######..     1%          2    None
 Ensorcelled Hibernation  Hex/Ice        ###...       3%          2    None
 Borgnjor's Vile Clutch   Necr/Erth      ###.......   97%         6    None
 Darkness                 Hex            ###.......   97%         6    None
 Infestation              Hex/Tmut/Pois  ###......    97%         6    None
 Shadow Creatures         Summ           N/A          97%         6    None
 Time Stop                Chrm/Tloc      N/A          100%        8    None


Dungeon Overview and Level Annotations

Branches:
Dungeon (1/1)

Altars:
Cheibriados
Dithmenos
Elyvilon
Fedhas
Gozag
Hepliaklqana
Kikubaaqudgha
Lugonu
Makhleb
Nemelex Xobeh
Okawaru
Qazlal
Ru
Sif Muna
Trog
Uskayaw
Vehumet
Wu Jian
Xom
Yredelemnul
Zin
The Shining One
Beogh
Jiyva

Shops:
D (([

Annotations:
D Aizul


Innate Abilities, Weirdness & Mutations

Your spells do not cause hunger and MP costs are reduced by 1.
Your bright wings attract enemies. (Stealth-)
You cannot fit into any form of body armour.
Your shimmering scales are hard and can block incoming attacks. (AC +7, SH +7)
You are small and have problems with some larger weapons.
You can fly continuously.


Message History

Aizul is almost dead.
You feel very sick. Aizul hits you. Aizul completely misses you.
Casting: Shock (safe; 0% risk of failure)
Confirm with . or Enter, or press ? or * to list all spells.
Aiming: Shock (safe; 0% risk of failure)
Press: ? - help, Shift-Dir - straight line, f/p - Aizul
Aim: Aizul (almost dead)
The zap misses Aizul.
You feel very sick. Aizul hits you!!
* * * LOW HITPOINT WARNING * * *
You miss Aizul.
Aizul is almost dead.
* * * LOW HITPOINT WARNING * * *
You feel sick. Aizul casts a spell at you.
You are more poisoned.
You partially resist. The poison arrow hits you!!
You die...

▓▓▓▓▓▓▓▓▓▓▓▓▓▓▓▓▓▓▓▓▓▓▓▓
......S@........).......
▓▓▓▓▓▓▓▓▓▓▓▓▓▓▓▓▓▓▓▓▓▓▓▓▓▓▓▓▓▓▓▓▓
.........'.....))).)))).[[)[[)[[.
.▓▓▓▓▓▓▓▓▓▓▓▓▓▓▓▓▓▓▓▓▓▓▓▓▓▓▓▓▓▓▓▓
............).)..................
▓▓▓▓▓▓▓▓▓▓▓▓▓▓▓▓▓▓▓▓▓▓▓▓▓▓▓▓▓▓▓▓▓
.).)))).)).).')))[).)......')))))
)▓▓▓▓▓▓▓▓▓▓▓▓▓▓▓▓▓▓▓▓▓▓▓▓▓▓▓▓▓▓▓▓
.............................)...


You could see Aizul.

Vanquished Creatures
  A frost giant (D)
  An ettin (D)
  An ice dragon (D)
  3 hydras (D)
  Psyche (D)
  Erica (D)
  A catoblepas (D)
  2 centaur warriors (D)
  Nergalle (D)
  Sonja (D)
  12 orc knights (D)
  An ugly thing (D)
  3 orc sorcerers (D)
  A deep elf mage (D)
  Maurice (D)
  Joseph (D)
  A cane toad (D)
  A komodo dragon (D)
  2 slime creatures (D)
  2 hippogriffs (D)
  A wraith (D)
  A yak (D)
  A wyvern (D)
  A basilisk (D)
  A human (shapeshifter) (D)
  Grum (D)
  A warg (shapeshifter) (D)
  6 crocodiles (D)
  4 wargs (D)
  A water moccasin (D)
  A hell hound (D)
  A porcupine (D)
  13 orc warriors (D)
  2 sky beasts (D)
  5 wolves (D)
  A centaur (D)
  2 bullfrogs (D)
  A howler monkey (D)
  A crimson imp (D)
  2 hounds (D)
  4 orc priests (D)
  A gnoll shaman (D)
  3 orc wizards (D)
  A shadow imp (D)
  2 dart slugs (D)
  5 orcs (D)
  A bat skeleton (D)
  2 goblins (D)
  A hobgoblin (D)
  A kobold (D)
  A quokka (D)
  A jackal zombie (D)
  A quokka zombie (D)
109 creatures vanquished.

Vanquished Creatures (others)
  A gargoyle (D)
1 creature vanquished.

Grand Total: 110 creatures vanquished

Notes
Turn   | Place    | Note
-------+----------+-------------------------------------------
     0 | D        | MordorOrchid the Fairy Air Elementalist began the quest for
                  | the Orb.
     0 | D        | Reached XP level 1. HP: 11/11 MP: 6/6
     4 | D        | Reached skill level 1 in Fighting
     7 | D        | Reached XP level 2. HP: 19/19 MP: 7/7
    17 | D        | Noticed a centaur
    24 | D        | Killed a centaur
    24 | D        | Reached skill level 5 in Spellcasting
    24 | D        | Reached XP level 3. HP: 14/24 MP: 8/12
    24 | D        | Reached XP level 4. HP: 17/29 MP: 8/13
    26 | D        | Reached XP level 5. HP: 20/34 MP: 8/15
    36 | D        | Found a roughly hewn altar of Beogh.
    36 | D        | Found a snail-covered altar of Cheibriados.
    36 | D        | Found a shadowy altar of Dithmenos.
    36 | D        | Found a white marble altar of Elyvilon.
    36 | D        | Found a blossoming altar of Fedhas.
    36 | D        | Found an opulent altar of Gozag.
    37 | D        | Found a hazy altar of Hepliaklqana.
    38 | D        | Found a viscous altar of Jiyva.
    39 | D        | Found an ancient bone altar of Kikubaaqudgha.
    40 | D        | Found a corrupted altar of Lugonu.
    41 | D        | Found a burning altar of Makhleb.
    42 | D        | Found a sparkling altar of Nemelex Xobeh.
    43 | D        | Found an iron altar of Okawaru.
    44 | D        | Found a stormy altar of Qazlal.
    45 | D        | Found a sacrificial altar of Ru.
    46 | D        | Found a shimmering blue altar of Sif Muna.
    47 | D        | Found a bloodstained altar of Trog.
    48 | D        | Found a hide-covered altar of Uskayaw.
    49 | D        | Found a radiant altar of Vehumet.
    50 | D        | Found an ornate altar of the Wu Jian Council.
    51 | D        | Found a shimmering altar of Xom.
    52 | D        | Found a basalt altar of Yredelemnul.
    53 | D        | Found a glowing silver altar of Zin.
    54 | D        | Found a glowing golden altar of the Shining One.
    56 | D        | Became a worshipper of Uskayaw the Reveler
   154 | D        | Learned a level 5 spell: Lightning Bolt
   159 | D        | Learned a level 4 spell: Airstrike
   163 | D        | Learned a level 3 spell: Static Discharge
   164 | D        | Noticed a gargoyle
   164 | D        | Noticed a centaur warrior
   164 | D        | Noticed a wraith
   164 | D        | Noticed a sky beast
   165 | D        | Reached * piety under Uskayaw
   167 | D        | Killed a gargoyle
   174 | D        | Reached ** piety under Uskayaw
   177 | D        | Killed a centaur warrior
   177 | D        | Reached skill level 10 in Spellcasting
   177 | D        | Reached skill level 10 in Air Magic
   177 | D        | Reached skill level 5 in Evocations
   177 | D        | Reached XP level 6. HP: 29/39 MP: 16/21
   177 | D        | Reached XP level 7. HP: 34/45 MP: 17/23
   177 | D        | Reached *** piety under Uskayaw
   178 | D        | Reached **** piety under Uskayaw
   180 | D        | Killed a wraith
   180 | D        | Reached skill level 10 in Dodging
   180 | D        | Reached XP level 8. HP: 25/50 MP: 18/25
   181 | D        | Reached ***** piety under Uskayaw
   314 | D        | Noticed a deep elf mage
   314 | D        | Noticed a catoblepas
   315 | D        | Reached skill level 1 in Invocations
   316 | D        | Reached skill level 1 in Short Blades
   318 | D        | Killed a deep elf mage
   320 | D        | Killed a catoblepas
   320 | D        | Reached XP level 9. HP: 27/59 MP: 6/28
   477 | D        | Noticed a komodo dragon
   477 | D        | Noticed a cane toad
   479 | D        | Killed a komodo dragon
   479 | D        | Reached skill level 5 in Fighting
   482 | D        | Reached skill level 10 in Conjurations
   484 | D        | Killed a cane toad
   484 | D        | Reached skill level 5 in Invocations
   484 | D        | Reached XP level 10. HP: 66/66 MP: 17/29
   578 | D        | Noticed a six-headed hydra
   578 | D        | Noticed a seven-headed hydra
   582 | D        | Killed a six-headed hydra
   582 | D        | Reached skill level 15 in Spellcasting
   584 | D        | Noticed a six-headed hydra
   584 | D        | Killed a seven-headed hydra
   588 | D        | Reached ****** piety under Uskayaw
   589 | D        | Killed a six-headed hydra
   761 | D        | Reached XP level 11. HP: 70/74 MP: 28/33
   884 | D        | Noticed Erica
   887 | D        | Killed Erica
   890 | D        | Noticed Sonja
   893 | D        | Killed Sonja
   959 | D        | Noticed Grum
   962 | D        | Killed Grum
   987 | D        | Noticed Maurice
   992 | D        | Killed Maurice
  1083 | D        | Reached skill level 5 in Short Blades
  1103 | D        | Noticed an orc knight
  1110 | D        | Killed an orc knight
  1110 | D        | Reached skill level 15 in Dodging
  1242 | D        | Noticed an orc knight
  1244 | D        | Noticed an orc sorcerer
  1247 | D        | Killed an orc knight
  1247 | D        | Killed an orc sorcerer
  1247 | D        | Reached skill level 10 in Invocations
  1266 | D        | Noticed an orc knight
  1271 | D        | Killed an orc knight
  1288 | D        | Noticed an orc sorcerer
  1298 | D        | Killed an orc sorcerer
  1449 | D        | Noticed an orc sorcerer
  1452 | D        | Killed an orc sorcerer
  1496 | D        | Found Jiclell's Antique Weapon Emporium.
  1496 | D        | Noticed an orc knight
  1496 | D        | Noticed an orc knight
  1497 | D        | Reached skill level 10 in Fighting
  1497 | D        | Noticed an orc knight
  1501 | D        | Killed an orc knight
  1501 | D        | Reached XP level 12. HP: 75/87 MP: 13/34
  1703 | D        | Reached skill level 1 in Throwing
  1927 | D        | Found Hama's Food Shoppe.
  1931 | D        | Found Umopn's Antique Weapon Emporium.
  1935 | D        | Found Qext's Armour Shoppe.
  1944 | D        | Bought the -2 hat of the Alchemist {rElec rPois rF+ rC+ rN+
                  | MR+ rMut rCorr} for 472 gold pieces
  1944 | D        | Found the -2 hat of the Alchemist {rElec rPois rF+ rC+ rN+
                  | MR+ rMut rCorr}
  1944 | D        | Bought a +1 cloak of invisibility for 165 gold pieces
  1944 | D        | Bought a +2 pair of gloves of archery for 215 gold pieces
  1983 | D        | Bought an iridescent dagger for 210 gold pieces
  1987 | D        | Bought a crude trident for 221 gold pieces
  1989 | D        | Bought a ration for 70 gold pieces
  1989 | D        | Bought a ration for 70 gold pieces
  1989 | D        | Bought a ration for 70 gold pieces
  1989 | D        | Bought a ration for 70 gold pieces
  1989 | D        | Bought a ration for 70 gold pieces
  1989 | D        | Bought a ration for 70 gold pieces
  1989 | D        | Bought a ration for 70 gold pieces
  1989 | D        | Bought a ration for 70 gold pieces
  1989 | D        | Bought a ration for 70 gold pieces
  2060 | D        | Noticed Psyche
  2061 | D        | Noticed Joseph
  2067 | D        | Killed Joseph
  2068 | D        | Killed Psyche
  2153 | D        | Identified the +8 trident of the Dripping Fulmar {venom,
                  | +Fly rPois Dex+6 Stlth-} (You bought it in a shop in the
                  | Dungeon)
  2154 | D        | Identified the cursed +2 dagger of Xoadanula {flame, +Blink
                  | rElec Int+2 Dex-2} (You bought it in a shop in the Dungeon)
  2157 | D        | Noticed a frost giant
  2157 | D        | Noticed a centaur warrior
  2160 | D        | Killed a centaur warrior
  2162 | D        | Killed a frost giant
  2268 | D        | Noticed an ettin
  2272 | D        | Killed an ettin
  2327 | D        | Noticed an ice dragon
  2336 | D        | Killed an ice dragon
  2480 | D        | Reached XP level 13. HP: 95/95 MP: 19/37
  2570 | D        | Noticed Nergalle
  2576 | D        | Killed Nergalle
  2647 | D        | Noticed Aizul
  2672 | D        | Killed from afar by Aizul

Skill      XL: |  1  2  3  4  5  6  7  8  9 10 11 12 |
---------------+-------------------------------------+-----
Fighting       | 2 4 5 6 10 11 | 11.4
Dodging        | 4 6 9 10 11 12 13 16 18 | 18.5
Spellcasting   | 5 6 10 11 13 16 18 | 18.2
Air Magic      | 6 10 11 12 | 12.0
Conjurations   | 3 4 7 9 10 12 | 12.0
Evocations     | 5 6 7 8 |  8.1
Invocations    | 4 5 7 11 13 | 13.0
Short Blades   | 4 6 8 |  8.4
Throwing       | 4 |  4.0
Stealth        | |  1.5

Action                   |  1- 3 |  4- 6 |  7- 9 | 10-12 | 13-15 || total
-------------------------+-------+-------+-------+-------+-------++-------
Melee: Rapier            |       |     7 |     8 |     5 |     5 ||    25
 Fire: Blowgun           |       |       |       |    11 |       ||    11
Throw: Tomahawk          |       |       |       |     1 |       ||     1
 Cast: Shock             |    10 |     4 |     4 |    52 |     8 ||    78
       Lightning Bolt    |       |       |     7 |    76 |     7 ||    90
       Airstrike         |       |       |       |    51 |    12 ||    63
Evoke: Wand              |       |     1 |       |       |       ||     1
  Use: Potion            |     1 |     3 |       |       |       ||     4
       Scroll            |       |       |       |     3 |       ||     3
 Stab: Invisible         |       |     2 |     2 |       |       ||     4
       Paralysed         |       |       |     2 |     1 |       ||     3
  Eat: Chunk             |       |       |       |     9 |     1 ||    10
Armor: Skin              |       |       |       |     3 |     1 ||     4
Dodge: Dodged            |     6 |     5 |     8 |    25 |    15 ||    59
Block: Other             |       |     5 |       |     4 |     2 ||    11
